 Dungeon Crawl Stone Soup version 0.31.0-9-g3a7656b989 (webtiles) character file.

Game seed: 8771097795118166306

106 qw the Shooter (level 4, -1/23 HPs)
             Began as a Spriggan Hunter on Feb 2, 2024.
             Slain by a hobgoblin (3 damage)
             ... led by Robin
             ... on level 3 of the Dungeon.
             The game lasted 00:00:05 (1284 turns).

qw the Shooter (Spriggan Hunter)                    Turns: 1284, Time: 00:00:05

Health: -1/23      AC:  2    Str:  7    XL:     4   Next: 55%
Magic:  5/5        EV: 25    Int: 10    God:
Gold:   79         SH:  0    Dex: 20    Spells: 3/3 levels left

rFire   . . .        a - +0 shortbow
rCold   . . .        (shield currently unavailable)
rNeg    . . .        c - +0 robe
rPois   .            (helmet restricted)
rElec   .            (no cloak)
rCorr   .            (gloves unavailable)
SInv    +            (boots unavailable)
Will    .....        (no amulet)
Stlth   ++           b - +5 ring of evasion
HPRegen 0.23/turn    (no ring)
MPRegen 0.09/turn

%: no passive effects
@: very quick
A: very small, no large weapons, unfitting armour, see invisible, speed 3
a: no special abilities


You were on level 3 of the Dungeon.
You visited 1 branch of the dungeon, and saw 3 of its levels.

You collected 79 gold pieces.


Innate Abilities, Weirdness & Mutations

You are very small and have problems with some larger weapons.
You are too small for most types of armour.
You have supernaturally acute eyesight. (SInv)
You cover ground extremely quickly. (Speed+++)


   Skills:
 + Level 1.7 Fighting
 - Level 5.0 Ranged Weapons
 - Level 5.0 Dodging
 - Level 1.5 Stealth


You had 3 spell levels left.
You didn't know any spells.
Your spell library was empty.

Inventory:

Hand Weapons
 a - a +0 shortbow (weapon)
Armour
 c - a +0 robe (worn)
Jewellery
 b - a +5 ring of evasion (left hand)
Potions
 e - 2 potions of curing
 g - a potion of cancellation

Dungeon Overview and Level Annotations

Branches:
Dungeon (3/15)

Altars:

Annotations:
D:2 1 runed translucent door, Crazy Yiuf
D:3 Robin


Message History

You shoot an arrow. The arrow hits the goblin!
You kill the goblin!
Robin completely misses you. The goblin completely misses you.
The hobgoblin hits you but does no damage.
The goblin hits you with a +0 club. The hobgoblin completely misses you.
You shoot an arrow. The arrow closely misses the goblin.
The hobgoblin no longer looks unusually strong.
Robin roars a battlecry!
The hobgoblin goes into a battle-frenzy!
The goblin closely misses you. The hobgoblin completely misses you.
The goblin completely misses you. The hobgoblin completely misses you.
Robin throws the goblin at you! The goblin completely misses you.
The goblin misses you. The hobgoblin completely misses you.
The hobgoblin misses you.
You shoot an arrow. The arrow hits the goblin.
The goblin is moderately wounded.
The goblin no longer looks unusually strong.
Robin roars a battlecry!
The goblin goes into a battle-frenzy!
The goblin closely misses you. The goblin hits you with a +0 club.
The hobgoblin closely misses you. The hobgoblin misses you.
You shoot an arrow. The arrow hits the goblin.
You kill the goblin!
The goblin no longer looks unusually strong.
Robin completely misses you. The hobgoblin completely misses you.
The hobgoblin closely misses you. The goblin barely misses you.
You shoot an arrow. The arrow barely misses the goblin.
The hobgoblin no longer looks unusually strong.
Robin closely misses you. The hobgoblin misses you.
The hobgoblin completely misses you. The goblin closely misses you.
You shoot an arrow. The arrow closely misses the goblin.
Robin roars a battlecry!
The goblins go into a battle-frenzy!
The hobgoblin closely misses you. The hobgoblin misses you.
The goblin barely misses you.
You shoot an arrow. The arrow hits the goblin!
You kill the goblin!
Robin barely misses you. The hobgoblin completely misses you.
The hobgoblin hits you.
You die...

##### #.#.#
#######.#.######.#
)..........<.....#
###.##.#.######.#
##### #.#.#
......##)#.#####
......g@).......
####.g)g)#.#####
.....)##.#.#
...#.. ..... .% #.
#.#.## . )) .....
.. ### ## ...


You could see Robin and 2 hobgoblins.

Vanquished Creatures
  4 gnolls (D:2)
  An adder (D:2)
  2 dart slugs (D:1)
  2 ribbon worms (D:2)
  4 ball pythons
  5 endoplasms
  A giant cockroach (D:1)
  12 goblins
  3 hobgoblins
  3 jackals (D:1)
  5 kobolds
  A bat (D:1)
  A frilled lizard (D:1)
  3 rats (D:1)
47 creatures vanquished.

Notes
Turn   | Place    | Note
-------+----------+-------------------------------------------
     0 | D:1      | qw the Spriggan Hunter began the quest for the Orb.
     0 | D:1      | Reached XP level 1. HP: 10/10 MP: 2/2
     0 | D:1      | 0 ||| qw: Version: 0.3-a-155-g5e7d8dd
     0 | D:1      | 0 ||| qw: Game counter: 333
     0 | D:1      | 0 ||| qw: Melee chars always use a shield: true
     0 | D:1      | 0 ||| qw: God list: Okawaru
     0 | D:1      | 0 ||| qw: Allow faded altars: false
     0 | D:1      | 0 ||| qw: Do Orc after clearing Dungeon:15 true
     0 | D:1      | 0 ||| qw: Do second Lair branch before Depths: true
     0 | D:1      | 0 ||| qw: Lair rune preference: random
     0 | D:1      | 0 ||| qw: Goals: Normal
     0 | D:1      | 0 ||| PLANNING D:1-11
    53 | D:1      | Reached skill level 3 in Dodging
   123 | D:1      | Reached XP level 2. HP: 14/14 MP: 3/3
   627 | D:1      | 627 ||| READING scroll labelled HEEWKUE AHEA.
   628 | D:1      | 628 ||| READING scroll labelled RUOCAIJICK.
   629 | D:1      | 629 ||| READING scroll labelled BAABAU MESAS.
   630 | D:1      | 630 ||| READING scroll labelled FIMORA OGURIGH.
   631 | D:1      | 631 ||| DRINKING 2 black potions.
   632 | D:1      | 632 ||| DROPPING scroll of butterflies.
   659 | D:2      | Reached XP level 3. HP: 18/18 MP: 4/4
   809 | D:2      | Found a runed translucent door.
   810 | D:2      | Noticed Crazy Yiuf
  1028 | D:2      | Reached XP level 4. HP: 9/22 MP: 5/5
  1028 | D:2      | 1028 ||| FLEEEEING.
  1029 | D:2      | 1029 ||| FLEEEEING.
  1030 | D:2      | 1030 ||| FLEEEEING.
  1031 | D:2      | 1031 ||| FLEEEEING.
  1032 | D:2      | 1032 ||| FLEEEEING.
  1033 | D:2      | 1033 ||| FLEEEEING.
  1034 | D:2      | 1034 ||| FLEEEEING.
  1035 | D:2      | 1035 ||| FLEEEEING.
  1039 | D:2      | 1039 ||| FLEEEEING.
  1040 | D:2      | 1040 ||| FLEEEEING.
  1041 | D:2      | 1041 ||| FLEEEEING.
  1042 | D:2      | 1042 ||| FLEEEEING.
  1043 | D:2      | 1043 ||| FLEEEEING.
  1044 | D:2      | 1044 ||| FLEEEEING.
  1209 | D:2      | 1209 ||| UPGRADING to +5 ring of evasion.
  1210 | D:2      | 1210 ||| READING scroll labelled GUBLAYW QUDALO.
  1210 | D:2      | 1210 ||| IDENTIFYING 2 grey potions
  1264 | D:3      | Noticed Robin
  1279 | D:3      | HP: 5/23 [Robin/goblin (1)]
  1280 | D:3      | HP: 1/23 [goblin/+0 club[Robin] (5)]
  1284 | D:3      | Slain by a hobgoblin

Levels and vault maps discovered:
D:1:      amcnicky_arrival_double_pillar, layout_basic, corexii_corridor_pit,
          chequers_serial_rivers_small_3
D:2:      layout_basic, uniq_crazy_yiuf_cottage
D:3:      layout_basic, mainiacjoe_overflow_swirl,
          nicolae_gozag_zags_fifth_avenue, uniq_robin, uniq_grinder,
          uniq_terence

Skill      XL: |  1  2  3  4 |
---------------+-------------+-----
Dodging        | 3 4 5 |  5.0
Ranged Weapons | 5 |  5.0
Fighting       | |  1.7
Stealth        | |  1.5

Action                     |  1- 3 |  4- 6 || total
---------------------------+-------+-------++-------
   Fire: Shortbow          |    90 |    38 ||   128
    Use: Scroll            |     4 |     1 ||     5
         Potion            |     1 |       ||     1
 Armour: Robe              |     2 |    13 ||    15
  Dodge: Dodged            |     9 |    50 ||    59

Table legend:
 A = Non-vault XP
 B = Vault XP
 C = Vault XP percentage of total XP
 D = Non-vault monster count
 E = Vault monster count
 F = Vault count percentage of total count
                 A         B        C        D         E       F
            +---------+---------+-------+---------+---------+-------
      Total |     134 |      20 |  13.0 |      37 |      10 |  21.3
            +---------+---------+-------+---------+---------+-------
        D:1 |      36 |       0 |   0.0 |      19 |       0 |   0.0
        D:2 |      95 |       0 |   0.0 |      16 |       0 |   0.0
        D:3 |       3 |      20 |  87.0 |       2 |      10 |  83.3
            +---------+---------+-------+---------+---------+-------
